 Dungeon Crawl Stone Soup version 0.29.0-4-gdea44cf6ec (webtiles) character file.

Game seed: 4246463450867354907

20 qw the Chopper (level 2, 0/39 HPs)
             Began as a Minotaur Berserker on Sept 5, 2022.
             Was a Follower of Trog.
             Slain by Sigmund
             ... wielding a +4 scythe
              (11 damage)
             ... on level 2 of the Dungeon.
             The game lasted 00:00:14 (750 turns).

qw the Chopper (Minotaur Berserker)                  Turns: 750, Time: 00:00:14

Health: 0/39       AC:  3    Str: 21    XL:     2   Next: 58%
Magic:  1/1        EV: 11    Int:  4    God:    Trog [*.....]
Gold:   40         SH:  0    Dex:  9    Spells: 1/1 levels left

rFire   . . .      SeeInvis .   Y - +0 hand axe
rCold   . . .      Faith    .   (no shield)
rNeg    . . .      Spirit   .   i - +0 leather armour
rPois   .          Reflect  .   (helmet restricted)
rElec   .          Harm     .   (no cloak)
rCorr   .          Rampage  .   (no gloves)
Will    .....                   (no boots)
Stlth   ..........              (no amulet)
HPRegen 0.13/turn               (no ring)
MPRegen 0.07/turn               (no ring)

@: berserking, very quick
A: horns 2, retaliatory headbutt
a: Renounce Religion, Berserk


You were on level 2 of the Dungeon.
You worshipped Trog.
Trog was aware of your devotion.
You visited 1 branch of the dungeon, and saw 2 of its levels.

You collected 40 gold pieces.


Innate Abilities, Weirdness & Mutations

You have a pair of horns on your head.
You reflexively headbutt those who attack you in melee.


   Skills:
 - Level 3.6 Fighting
 + Level 4.8 Axes
 - Level 2.4 Armour
 - Level 2.1 Dodging


You had one spell level left.
You didn't know any spells.
Your spell library was empty.

Inventory:

Hand Weapons
 c - a +0 whip
 Y - a +0 hand axe (weapon)
Armour
 i - a +0 leather armour (worn)
Potions
 d - 2 potions of might {unknown}
 h - a potion of lignification {unknown}

Dungeon Overview and Level Annotations

Branches:
Dungeon (1/15)

Altars:

Annotations:
D:2 Sigmund


Message History

You start removing your armour.
You continue taking off your +0 animal skin. x4
You finish taking off your +0 animal skin.
You start putting on your armour.
You continue putting on your +0 leather armour. x5
You finish putting on your +0 leather armour.
737 ||| DROPPING +0 animal skin.
You drop a +0 animal skin.
738 ||| DROPPING amulet of faith.
You drop an amulet of faith.
739 ||| READING scroll labelled UCZUAXT ACRIS.
Blink to where?
Press: ? - help, Dir - move target, f - you Are you sure you want to cancel this blink?
As you read the scroll labelled UCZUAXT ACRIS, it crumbles to dust.
It was a scroll of blinking.
740 ||| READING scroll labelled IQOPPU SIULL.
As you read the scroll labelled IQOPPU SIULL, it crumbles to dust.
You feel strangely unstable.
It was a scroll of teleportation.
You start waiting.
Your surroundings suddenly seem different.
A hobgoblin comes into view.
The hobgoblin shouts!
You hear a shout!
Sigmund the Dreaded comes into view.
He is wielding a +4 scythe.
You barely miss the hobgoblin. You headbutt the hobgoblin.
You kill the hobgoblin!
Trog accepts your kill.
Sigmund says, "You will soon forget everything."
Sigmund gestures at you while chanting. The puff of flame hits you!
Sigmund hits you from afar with a +4 scythe!
747 ||| INVOKING Berserk.
A red film seems to cover your vision as you go berserk!
You feel yourself moving faster!
You feel mighty!
You feel a strong urge to attack something.
Sigmund barely misses you.
You slash Sigmund!
Sigmund is moderately wounded.
You hit Sigmund. Your headbutt misses Sigmund.
Sigmund is heavily wounded.
Sigmund hits you with a +4 scythe!
You die...

###......# #.....#
#.# #......#
#.....# #......##
#.....# ##..P7..#
#.....# #......##
#.%...#
##.)P7..####.....#
#........###.####
####....##..##.#
.........##^..@#
#######.#####.@...#
######.# ##.##....#
#....#.# #.# ##..
#....#.# #.#
###....#.# #.#
#.'....'.# #.#
#.#....########.#
#.#.............#


You could see Sigmund.

Vanquished Creatures
  A worm (D:2)
  A dart slug (D:2)
  A goblin (D:2)
  3 hobgoblins (D:2)
  5 ball pythons
  A bat (D:2)
  A kobold (D:1)
  A rat (D:1)
14 creatures vanquished.

Notes
Turn   | Place    | Note
-------+----------+-------------------------------------------
     0 | D:1      | qw the Minotaur Berserker began the quest for the Orb.
     0 | D:1      | Reached XP level 1. HP: 19/19 MP: 0/0
     0 | D:1      | 0 ||| qw: Version: 0.1-a-104-g96f76f8
     0 | D:1      | 0 ||| qw: Game counter: 6018
     0 | D:1      | 0 ||| qw: Always use a shield: true
     0 | D:1      | 0 ||| qw: Do Orc after D:15 true
     0 | D:1      | 0 ||| qw: Do second Lair branch before Depths: true
     0 | D:1      | 0 ||| qw: Lair rune preference: random
     0 | D:1      | 0 ||| qw: Plans: Normal
     0 | D:1      | 0 ||| PLANNING D:1-11
    93 | D:1      | Found a faded altar of an unknown god.
    97 | D:1      | 97 ||| Stepping ~*~*~tactically~*~*~ (stealth).
   103 | D:1      | Reached skill level 4 in Axes
   107 | D:1      | 107 ||| Stepping ~*~*~tactically~*~*~ (stealth).
   185 | D:1      | You fall into a shaft and drop 1 floor!
   317 | D:2      | Reached XP level 2. HP: 24/26 MP: 1/1
   560 | D:2      | 560 ||| INVOKING Berserk.
   727 | D:2      | 727 ||| UPGRADING to +0 leather armour.
   737 | D:2      | 737 ||| DROPPING +0 animal skin.
   738 | D:2      | 738 ||| DROPPING amulet of faith.
   739 | D:2      | 739 ||| READING scroll labelled UCZUAXT ACRIS.
   740 | D:2      | 740 ||| READING scroll labelled IQOPPU SIULL.
   742 | D:2      | Noticed Sigmund
   747 | D:2      | 747 ||| INVOKING Berserk.
   750 | D:2      | Slain by Sigmund

Levels and vault maps discovered:
D:1:      dpeg_arrival_boxes_within_box, layout_basic,
          hellmonk_ecumenical_altar_run_dry
D:2:      layout_basic, serial_park_tiny_2, uniq_sigmund

Skill      XL: |  1 |
---------------+----+-----
Axes           | 4 |  4.8
Fighting       | |  3.6
Armour         | |  2.4
Dodging        | |  2.1

Action                   || total
-------------------------++-------
Melee: Hand axe          ||    34
       Headbutt          ||     5
Invok: Berserk           ||     2
  Use: Scroll            ||     2
 Stab: Distracted        ||     1
Armor: Animal skin       ||     7
Dodge: Dodged            ||    17

Table legend:
 A = Non-vault XP
 B = Vault XP
 C = Vault XP percentage of total XP
 D = Non-vault monster count
 E = Vault monster count
 F = Vault count percentage of total count
                 A         B        C        D         E       F
            +---------+---------+-------+---------+---------+-------
      Total |      29 |       0 |   0.0 |      14 |       0 |   0.0
            +---------+---------+-------+---------+---------+-------
        D:1 |       9 |       0 |   0.0 |       6 |       0 |   0.0
        D:2 |      20 |       0 |   0.0 |       8 |       0 |   0.0
            +---------+---------+-------+---------+---------+-------
